 Dungeon Crawl Stone Soup version 0.30-a0-305-g026cb31310 (webtiles) character file.

Game seed: 785595988649354394

1463 GreatBamboolord the Grave Robber (level 8, -9/55 (58) HPs)
             Began as a Demonspawn Necromancer on Oct 21, 2022.
             Mangled by Menkaure (19 damage)
             ... on level 6 of the Dungeon.
             The game lasted 00:19:42 (7476 turns).

GreatBamboolord the Grave Robber (DsNe)             Turns: 7476, Time: 00:19:44

HP:   -9/55 (58)    AC:  8    Str:  6 (8)  XL:     8   Next: 48%
MP:   17/17         EV: 13    Int: 15 (18) God:
Gold: 286           SH:  4    Dex: 13 (15) Spells: 6/19 levels left

rFire   . . .      SeeInvis .    A - +5 long sword
rCold   + . .      Faith    .    (no shield)
rNeg    . . .      Spirit   .    g - +0 animal skin
rPois   .          Reflect  .    b - +2 helmet
rElec   .          Harm     .    (no cloak)
rCorr   .          Rampage  .    i - +2 pair of gloves
Will    .....                    (no boots)
Stlth   ++........               (no amulet)
HPRegen 0.29/turn                c - ring of protection from cold
MPRegen 0.15/turn                (no ring)

@: drained
A: hooves 1, large bone plates 1, demonic guardian 1, powered by death 2
a: no special abilities


You were on level 6 of the Dungeon.
You visited 1 branch of the dungeon, and saw 7 of its levels.

You collected 286 gold pieces.

Inventory:

Hand Weapons
 A - a +5 long sword (weapon)
Missiles
 h - a throwing net
Armour
 b - a +2 helmet (worn)
 g - a +0 animal skin (worn)
 i - a +2 pair of gloves (worn)
 u - an orb of guile
Jewellery
 c - a ring of protection from cold (left hand)
Wands
 f - a wand of iceblast (6)
 t - a wand of flame (11) (quivered)
Scrolls
 d - 2 scrolls of teleportation
 j - a scroll of torment
 k - 2 scrolls of magic mapping
 l - a scroll of brand weapon {unknown}
 p - a scroll of amnesia {unknown}
 v - a scroll of enchant weapon {unknown}
 x - a scroll of poison {unknown}
 y - a scroll of vulnerability {unknown}
 z - a scroll of blinking
Potions
 a - a potion of curing
 e - 2 potions of degeneration
 m - a potion of mutation {unknown}
 n - a potion of heal wounds
 o - a potion of resistance
 q - a potion of brilliance {unknown}
 r - a potion of flight
 s - 2 potions of lignification
 w - a potion of cancellation {unknown}


   Skills:
 - Level 3.4 Fighting
 * Level 3.8 Dodging
 + Level 2.2 Stealth
 - Level 0.6 Shields
 * Level 6.3 Spellcasting
 * Level 7.9 Necromancy


You had 6 spell levels left.
You knew the following spells:

 Your Spells              Type           Power      Damage    Failure   Level
a - Necrotise             Necr           100%       1d9       1%          1
b - Vampiric Draining     Necr           28%        2d8       1%          3
c - Animate Dead          Necr           28%        N/A       5%          4
d - Agony                 Necr           28%        N/A       16%         5

Your spell library contained the following spells:

 Spells                   Type           Power      Damage    Failure   Level
 Summon Guardian Golem    Hex/Summ       4%         N/A       38%         3
 Orb of Destruction       Conj           2%         9d5       100%        7
 Spellforged Servitor     Conj/Summ      2%         N/A       100%        7


Dungeon Overview and Level Annotations

Branches:
Dungeon (7/15)
 Temple: D:4-7

Altars:
Qazlal
Uskayaw
Yredelemnul

Shops:
D:4 (

Annotations:
D:6 Menkaure


Innate Abilities, Weirdness & Mutations

You have large cloven feet.
You are partially covered in large bone plates. (SH +4)
A weak demonic guardian rushes to your aid.
You regenerate health from kills.


Message History

Found a scimitar.
You see here a +0 scimitar.
n - a potion of heal wounds You now have 286 gold pieces (gained 12).
Things that are here:
a +0 halberd; a +0 robe; a +0 whip You see here a +0 spear.
Done exploring.
Done exploring.
Done exploring.
Done exploring.
Search for what [Enter for "altar", or ? for help]?
Okay, then.
(D) Dungeon
Where to? (Enter - D:5 @ (x,y), ? - help)
Okay, then.
There is a stone staircase leading up here.
You climb upwards.
Level annotation: Menkaure
There is a stone staircase leading down here.
There is a stone staircase leading down here.
There is a stone staircase leading down here.
Menkaure is nearby!
Menkaure is nearby!
Found a hand axe.
There is a stone staircase leading down here.
You catch the helpless Menkaure completely off-guard!
You hit Menkaure but do no damage. You kick Menkaure, but do no damage.
Menkaure mumbles some strange words.
Menkaure seems to speed up.
You completely miss Menkaure. You block Menkaure's attack. Menkaure hits you!!
You barely miss Menkaure. You kick Menkaure, but do no damage.
Menkaure closely misses you. Menkaure barely misses you.
You slash Menkaure! You kick Menkaure, but do no damage.
Menkaure is heavily damaged.
Menkaure hits you! Menkaure attacks as you move away! Menkaure hits you!
* * * LOW HITPOINT WARNING * * *
Menkaure hits you!!
You die...

##........##### #.?.....>.....#
#.........###.#.
##..#............ #
##..###.....[...#.
#.##....#.#..#####.#
#.).....?....# # #....M###M#
###..@.###.# #...>...##.#
#.......##.######
#.......#.#.....#
############..#.....##.....#
............#.#.###.##.....######
...........###..# #.##...........
#########...# ..# ..#...........
# #..#.#.... ........)..###


You could see Menkaure (fast).

Vanquished Creatures
  A steam dragon (D:7)
  A sky beast (D:6)
  A centaur (D:6)
  A phantom (D:6)
  2 bullfrogs (D:7)
  A necrophage (D:5)
  3 wights (D:7)
  A gnoll bouda (D:7)
  3 hounds
  2 orc priests (D:3)
  4 iguanas
  8 gnolls
  Robin (D:3)
  10 adders
  A shadow imp (D:5)
  A white imp (D:7)
  An ufetubus (D:5)
  3 worms
  A dart slug (D:4)
  7 orcs
  4 endoplasms
  5 giant cockroaches
  14 goblins
  11 hobgoblins
  3 quokkas
  5 ball pythons
  7 bats
  2 frilled lizards
  11 kobolds
  8 rats
123 creatures vanquished.

Vanquished Creatures (collateral kills)
  A sky beast (D:7)
  A hound (D:7)
  A jelly (D:7)
  A gnoll (D:5)
4 creatures vanquished.

Vanquished Creatures (others)
  A hound zombie (D:7)
  2 gnolls (D:7)
  A gnoll zombie (D:7)
  A plant (D:6)
5 creatures vanquished.

Grand Total: 132 creatures vanquished

Notes
Turn   | Place    | Note
-------+----------+-------------------------------------------
     0 | D:1      | GreatBamboolord the Demonspawn Necromancer began the quest
                  | for the Orb.
     0 | D:1      | Reached XP level 1. HP: 13/13 MP: 3/3
   347 | D:1      | Gained mutation: You are partially covered in large bone
                  | plates. (SH +4) [demonic ancestry]
   347 | D:1      | Reached XP level 2. HP: 20/20 MP: 0/5
  1211 | D:2      | Found a basalt altar of Yredelemnul.
  1533 | D:2      | You fall into a shaft and drop 1 floor!
  1561 | D:3      | Reached skill level 5 in Necromancy
  1561 | D:3      | Reached XP level 3. HP: 13/25 MP: 3/6
  1565 | D:3      | Learned a level 3 spell: Vampiric Draining
  1729 | D:3      | Reached skill level 1 in Fighting
  2434 | D:3      | Noticed Robin
  2607 | D:3      | Killed Robin
  2608 | D:3      | Gained mutation: A weak demonic guardian rushes to your
                  | aid. [demonic ancestry]
  2608 | D:3      | Reached XP level 4. HP: 29/32 MP: 2/7
  2755 | D:3      | Gained mutation: You regenerate a little health from kills.
                  | [demonic ancestry]
  2755 | D:3      | Reached XP level 5. HP: 34/38 MP: 0/9
  3187 | D:3      | Learned a level 4 spell: Animate Dead
  3762 | D:4      | Found Gackyvo's Weapon Boutique.
  3891 | D:4      | Reached skill level 6 in Necromancy
  4372 | D:5      | Entered Level 5 of the Dungeon
  4404 | D:5      | Gained mutation: You have large cloven feet. [demonic
                  | ancestry]
  4404 | D:5      | Reached XP level 6. HP: 44/44 MP: 5/11
  4658 | D:5      | HP: 1/44 [gnoll/+0 flail of holy wrath (9)]
  5031 | D:5      | Found a hide-covered altar of Uskayaw.
  5378 | D:5      | Gained mutation: You regenerate health from kills. [demonic
                  | ancestry]
  5378 | D:5      | Reached XP level 7. HP: 51/51 MP: 13/13
  5549 | D:6      | Noticed Menkaure
  5992 | D:6      | Reached skill level 5 in Spellcasting
  5992 | D:6      | Reached skill level 7 in Necromancy
  5998 | D:6      | Learned a level 5 spell: Agony
  6185 | D:7      | Noticed a steam dragon
  6218 | D:7      | Reached XP level 8. HP: 24/58 MP: 0/16
  6707 | D:7      | Found a stormy altar of Qazlal.
  7476 | D:6      | Mangled by Menkaure

Illustrated notes

Levels and vault maps discovered:
D:1:      saegor_arrival_miasma, layout_basic
D:2:      layout_basic, basic_altar, kennysheep_generic_room_14
D:3:      layout_basic, uniq_robin
D:4:      layout_loops_ring, serial_shops, kennysheep_little_box
D:5:      layout_basic, mainiacjoe_overflow_alcove_2,
          mainiacjoe_overflow_six_doors_small
D:6:      layout_loops_ring, worldfamousw_hep_ancestral_shrine,
          minmay_temple_entry_butterflies, serial_bayou_pond_a, uniq_menkaure
D:7:      layout_cave_pods, nicolae_qazlal_general_emergency

Skill      XL: |  1  2  3  4  5  6  7  8 |
---------------+-------------------------+-----
Dodging        | 2 3 |  3.8
Necromancy     | 5 6 7 |  7.9
Fighting       | 1 2 3 |  3.4
Spellcasting   | 3 4 5 6 |  6.3
Stealth        | 2 |  2.2
Shields        | |  0.6

Action                   |  1- 3 |  4- 6 |  7- 9 || total
-------------------------+-------+-------+-------++-------
Melee: Unarmed           |    20 |       |       ||    20
       Dagger            |    48 |    76 |    76 ||   200
       Kick              |       |    23 |    30 ||    53
       Punch             |       |     3 |     1 ||     4
       Long sword        |       |       |     6 ||     6
Throw: Throwing net      |       |     1 |       ||     1
 Cast: Necrotise         |    61 |    99 |    39 ||   199
       Vampiric Draining |     2 |     5 |    13 ||    20
       Animate Dead      |       |     1 |     1 ||     2
Evoke: Wand              |       |       |    12 ||    12
  Use: Scroll            |     5 |     6 |     4 ||    15
       Potion            |     1 |     2 |     3 ||     6
 Stab: Sleeping          |     6 |     1 |     1 ||     8
       Distracted        |       |       |     2 ||     2
Armor: Robe              |    32 |       |       ||    32
       Animal skin       |       |    34 |    36 ||    70
Dodge: Dodged            |    51 |    48 |    65 ||   164
Block: Other             |    13 |    17 |    11 ||    41
       Orb               |       |     2 |       ||     2

Table legend: (Time is in decaauts)
 A = Elapsed time spent in this place.
 B = Non-inter-level travel time spent in this place.
 C = Inter-level travel time spent in this place.
 D = Time resting spent in this place.
 E = Time spent auto-exploring this place.
 F = Levels seen in this place.
 G = Mean time per level.
                   A        B        C        D        E       F      G
               +--------+--------+--------+--------+--------+-----+--------+
         Total |   7415 |   7158 |    257 |    597 |   5244 |   7 | 1059.3 |
       Dungeon |   7415 |   7158 |    257 |    597 |   5244 |   7 | 1059.3 |
               +--------+--------+--------+--------+--------+-----+--------+

Top non-repeatable levels by time:
     D:3: 1247 daAuts
     D:1: 1135 daAuts
     D:7: 1100 daAuts
     D:2: 1072 daAuts
     D:5: 1032 daAuts
     D:4: 1016 daAuts
     D:6: 810 daAuts
